 Dungeon Crawl Stone Soup version 0.28.0-43-g3370ac3207 (webtiles) character file.

Game seed: 646729203195386894

7339 Ablot the Magician (level 11, -3/84 HPs)
             Began as a Gnoll Warper on Mar 14, 2022.
             Was a Plaything of Xom.
             Slain by a two-headed ogre
             ... wielding a +0 giant spiked club
              (14 damage)
             ... on level 9 of the Dungeon.
             The game lasted 00:24:17 (13489 turns).

Ablot the Magician (Gnoll Warper)                  Turns: 13489, Time: 00:24:18

Health: -3/84      AC: 13    Str: 14    XL:     11   Next: 13%
Magic:  20/22      EV: 14    Int: 19    God:    Xom [....*.]
Gold:   434        SH:  0    Dex: 12    Spells: 20/25 levels left

rFire   + . .      SeeInvis .   D - +3 quarterstaff (chaos)
rCold   . . .      Faith    .   (shield currently unavailable)
rNeg    . . .      Spirit   .   t - +3 leather armour {rF+}
rPois   .          Reflect  .   (no helmet)
rElec   .          Harm     .   E - +0 cloak
rCorr   .          Rampage  .   e - +0 pair of gloves
Will    .....                   (no boots)
Stlth   +++.......              P - amulet of magic regeneration
HPRegen 0.24/turn               s - +6 ring of intelligence
MPRegen 0.58/turn               H - +4 ring of protection

@: no status effects
A: fangs 1, strong nose, distributed training
a: Renounce Religion


You were on level 9 of the Dungeon.
You worshipped Xom.
You were a beloved toy of Xom.
You visited 2 branches of the dungeon, and saw 10 of its levels.

You collected 451 gold pieces.
You spent 17 gold pieces at shops.

Inventory:

Hand Weapons
 u - a +3 dagger of electrocution
 D - a +3 quarterstaff of chaos (weapon)
 Q - a +2 scimitar of flaming
Missiles
 d - 5 boomerangs of dispersal
 f - 58 bolts
 j - 51 sling bullets
 n - 109 arrows
 r - 224 stones
 K - 2 curare-tipped darts
 N - 7 poisoned darts (quivered)
Armour
 e - a +0 pair of gloves (worn)
 t - a +3 leather armour of fire resistance (worn)
 E - a +0 cloak (worn)
 R - a +2 robe of willpower
Magical Staves
 g - a staff of air
Jewellery
 o - a ring of fire
 s - a +6 ring of intelligence (left hand)
 v - a +4 ring of evasion
 H - a +4 ring of protection (right hand)
 M - a +6 ring of intelligence
 P - an amulet of magic regeneration (around neck)
Wands
 b - a wand of flame (13)
 h - a wand of polymorph (6)
 k - a wand of charming (11)
 J - a wand of paralysis (4)
 L - a wand of iceblast (26)
 O - a wand of digging (9)
Scrolls
 a - a scroll of fear {unknown}
 c - 3 scrolls of blinking
 i - 2 scrolls of immolation {unknown}
 q - 4 scrolls of teleportation {unknown}
 y - a scroll of amnesia {unknown}
 B - a scroll of summoning {unknown}
 C - a scroll of enchant armour {unknown}
 F - 3 scrolls of holy word {unknown}
Potions
 l - 2 potions of attraction
 m - a potion of curing {unknown}
 w - a potion of brilliance
 x - a potion of flight
 z - a potion of mutation
 A - a potion of berserk rage {unknown}
Miscellaneous
 I - a box of beasts (inert)


   Skills:
 + Level 7.6 Fighting
 + Level 6.0 Short Blades
 + Level 6.0 Long Blades
 + Level 6.0 Axes
 + Level 6.0 Maces & Flails
 + Level 7.6 Polearms
 + Level 6.0 Staves
 + Level 6.0 Slings
 + Level 6.0 Bows
 + Level 6.0 Crossbows
 + Level 6.6 Throwing
 + Level 6.6 Armour
 + Level 7.6 Dodging
 + Level 6.0 Stealth
 + Level 6.0 Shields
 + Level 6.0 Unarmed Combat
 + Level 7.9 Spellcasting
 + Level 5.0 Conjurations
 + Level 5.0 Hexes
 + Level 5.0 Summonings
 + Level 5.0 Necromancy
 + Level 7.5 Translocations
 + Level 5.0 Transmutations
 + Level 5.0 Fire Magic
 + Level 5.0 Ice Magic
 + Level 5.0 Air Magic
 + Level 5.0 Earth Magic
 + Level 5.0 Poison Magic
 + Level 6.6 Invocations
 + Level 6.0 Evocations


You had 20 spell levels left.
You knew the following spells:

 Your Spells              Type           Power      Damage    Failure   Level
a - Blink                 Tloc           72%        N/A       1%          2
b - Mephitic Cloud        Conj/Pois/Air  26%        N/A       4%          3

Your spell library contained the following spells:

 Spells                   Type           Power      Damage    Failure   Level
 Gell's Gravitas          Tloc           36%        N/A       1%          3
 Lesser Beckoning         Tloc           36%        N/A       1%          3
 Teleport Other           Tloc           36%        N/A       1%          3
 Ignite Poison            Fire/Tmut/Pois 26%        N/A       4%          3
 Airstrike                Air            13%        N/A       14%         4
 Hailstorm                Conj/Ice       26%        3d7       14%         4
 Ice Form                 Ice/Tmut       26%        N/A       14%         4
 Petrify                  Tmut/Erth      26%        N/A       14%         4
 Summon Lightning Spire   Summ/Air       26%        N/A       14%         4
 Manifold Assault         Tloc           36%        N/A       14%         5
 Freezing Cloud           Conj/Ice/Air   13%        6-21      38%         5
 Lightning Bolt           Conj/Air       13%        1d26      38%         5
 Metabolic Englaciation   Hex/Ice        13%        N/A       38%         5
 Simulacrum               Ice/Necr       13%        N/A       92%         6
 Statue Form              Tmut/Erth      17%        N/A       92%         6
 Polar Vortex             Ice            13%        N/A       100%        9


Dungeon Overview and Level Annotations

Branches:
Dungeon (9/15)             Temple (1/1) D:6
   Lair: D:8-11         Orc: D:9-12

Altars:
Ashenzari
Cheibriados
Dithmenos
Elyvilon
Fedhas
Gozag
Hepliaklqana
Kikubaaqudgha
Makhleb
Nemelex Xobeh
Okawaru
Qazlal
Sif Muna
Trog
Uskayaw
Vehumet
Wu Jian
Xom
Yredelemnul
Zin

Shops:
D:4 :   D:7 *

Annotations:
D:7 2 transporters, Elsvaer's ghost, amateur DECj


Innate Abilities, Weirdness & Mutations

You have very sharp teeth.
Your uncanny sense of smell can sniff out nearby items.
Your experience applies equally to all skills.


Message History

The steam dragon closely misses you. The steam dragon misses you.
Unknown command.
Casting: Mephitic Cloud (mildly dangerous; 4% risk of failure)
Confirm with . or Enter, or press ? or * to list all spells.
Aiming: Mephitic Cloud (mildly dangerous; 4% risk of failure)
Press: ? - help, Shift-Dir - straight line, p - two-headed ogre The ball explodes into a vile cloud!
The stinking cloud engulfs the two-headed ogre but does no damage.
The two-headed ogre is severely wounded.
The stinking cloud engulfs the steam dragon but does no damage.
The steam dragon is moderately wounded.
You kill the wyvern!
The two-headed ogre is engulfed in noxious fumes.
The two-headed ogre appears confused.
The steam dragon is engulfed in noxious fumes.
The steam dragon appears confused.
The steam dragon closely misses you. The steam dragon barely misses you.
The steam dragon bites itself!
The steam dragon barely misses itself.
Your Conjurations skill increases to level 5!
Your Hexes skill increases to level 5!
Your Summonings skill increases to level 5!
Your Necromancy skill increases to level 5!
Your Transmutations skill increases to level 5!
Your Fire Magic skill increases to level 5!
Your Ice Magic skill increases to level 5!
Your Air Magic skill increases to level 5!
Your Earth Magic skill increases to level 5!
Your Poison Magic skill increases to level 5!
Unknown command.
Unknown command.
You catch the helpless two-headed ogre completely off-guard!
You hit the two-headed ogre.
You bite the two-headed ogre, but do no damage.
The two-headed ogre is almost dead.
The two-headed ogre is engulfed in noxious fumes.
The two-headed ogre appears confused.
The two-headed ogre hits you with a +0 giant spiked club.
* * * LOW HITPOINT WARNING * * *
The two-headed ogre hits you with a +0 giant club!
You die...

...##############
................#
..##............+
..##............#####+###
..##.............§.......
..##.....................
..##...#######b..........
..##..(.........b.#......
................@O#......
#####'##########.D§(.....
...#......... ###.○...##
...'......... ..(....
...#......... .......
...#......... .....P.
...#......... .....♣.
...#......... .......
...#......... PPP♣♣.(


You could see a two-headed ogre (confused, very poisoned) and a steam dragon
(confused).

Vanquished Creatures
  Erica (D:8)
  A two-headed ogre (D:8)
  Maurice (D:8)
  Prince Ribbit (D:6)
  A hornet (D:8)
  2 wyverns (D:9)
  Sigmund (D:4)
  7 yaks
  3 basilisks
  A vampire mosquito (D:6)
  Duvessa (D:4)
  6 water moccasins
  4 orc warriors
  2 sky beasts (D:6)
  2 ice beasts
  A necrophage (D:6)
  A black bear (D:4)
  2 ogres
  4 centaurs
  Blork the orc (D:6)
  2 bullfrogs
  A water moccasin skeleton (D:6)
  Dowan (D:4)
  4 killer bees (D:8)
  A wight (D:8)
  A howler monkey (D:4)
  A centaur zombie (D:6)
  4 hounds
  4 orc priests
  3 jellies (D:7)
  2 bullfrog skeletons
  A gnoll shaman (D:5)
  Crazy Yiuf (D:5)
  An iguana (D:5)
  10 orc wizards
  A howler monkey zombie (D:9)
  8 gnolls
  2 howler monkey skeletons
  4 adders
  2 shadow imps
  A white imp (D:6)
  A worm (D:3)
  3 dart slugs
  27 orcs
  9 bats
  8 endoplasms
  3 giant cockroaches
  8 goblins
  5 hobgoblins
  5 jackals
  6 kobolds
  5 quokkas
  6 ball pythons
  7 frilled lizards
  10 rats
201 creatures vanquished.

Vanquished Creatures (collateral kills)
  2 wights (D:8)
  An orc wizard (D:8)
3 creatures vanquished.

Vanquished Creatures (others)
  An orc wizard (D:5)
  2 gnolls (D:6)
  An ufetubus (D:6)
  A bush (D:4)
  2 fungi (D:9)
  3 plants (D:9)
10 creatures vanquished.

Grand Total: 214 creatures vanquished

Notes
Turn   | Place    | Note
-------+----------+-------------------------------------------
     0 | D:1      | Ablot the Gnoll Warper began the quest for the Orb.
     0 | D:1      | Reached XP level 1. HP: 20/20 MP: 6/6
   180 | D:1      | Found a faded altar of an unknown god.
   198 | D:1      | Reached XP level 2. HP: 26/26 MP: 7/7
   201 | D:1      | Learned a level 2 spell: Blink
   636 | D:1      | Reached XP level 3. HP: 29/31 MP: 9/9
   641 | D:1      | Reached skill level 5 in Spellcasting
  1161 | D:2      | Reached skill level 1 in Invocations
  1199 | D:2      | Reached skill level 1 in Short Blades
  1199 | D:2      | Reached skill level 1 in Long Blades
  1199 | D:2      | Reached skill level 1 in Axes
  1199 | D:2      | Reached skill level 1 in Maces & Flails
  1199 | D:2      | Reached skill level 1 in Staves
  1199 | D:2      | Reached skill level 1 in Slings
  1199 | D:2      | Reached skill level 1 in Bows
  1199 | D:2      | Reached skill level 1 in Crossbows
  1199 | D:2      | Reached skill level 1 in Stealth
  1199 | D:2      | Reached skill level 1 in Shields
  1199 | D:2      | Reached skill level 1 in Unarmed Combat
  1199 | D:2      | Reached skill level 1 in Evocations
  1678 | D:2      | Reached XP level 4. HP: 38/38 MP: 11/11
  2580 | D:3      | Reached skill level 1 in Conjurations
  2580 | D:3      | Reached skill level 1 in Hexes
  2580 | D:3      | Reached skill level 1 in Summonings
  2580 | D:3      | Reached skill level 1 in Necromancy
  2580 | D:3      | Reached skill level 1 in Transmutations
  2580 | D:3      | Reached skill level 1 in Fire Magic
  2580 | D:3      | Reached skill level 1 in Ice Magic
  2580 | D:3      | Reached skill level 1 in Air Magic
  2580 | D:3      | Reached skill level 1 in Earth Magic
  2580 | D:3      | Reached skill level 1 in Poison Magic
  2607 | D:3      | Noticed a torpor snail
  2608 | D:3      | Found a snail-covered altar of Cheibriados.
  2609 | D:3      | Noticed a torpor snail
  2609 | D:3      | Noticed a torpor snail
  3060 | D:4      | Reached XP level 5. HP: 43/43 MP: 12/12
  4236 | D:4      | Noticed an ogre
  4244 | D:4      | Killed an ogre
  4245 | D:4      | Reached XP level 6. HP: 43/50 MP: 13/13
  4431 | D:4      | Reached skill level 5 in Fighting
  4431 | D:4      | Reached skill level 5 in Polearms
  4431 | D:4      | Reached skill level 5 in Dodging
  4494 | D:4      | Noticed a black bear
  4512 | D:4      | Killed a black bear
  4583 | D:4      | Noticed Sigmund
  4592 | D:4      | Killed Sigmund
  4593 | D:4      | Reached XP level 7. HP: 32/56 MP: 15/15
  4858 | D:4      | Found Wynou's Book Boutique.
  5066 | D:5      | Entered Level 5 of the Dungeon
  5103 | D:5      | Noticed Duvessa
  5103 | D:5      | Noticed Dowan
  5127 | D:4      | Killed Duvessa
  5395 | D:4      | Killed Dowan
  6624 | D:5      | Reached XP level 8. HP: 48/63 MP: 16/16
  7794 | D:5      | Found a runed translucent door.
  7795 | D:5      | Noticed Crazy Yiuf
  7804 | D:5      | Killed Crazy Yiuf
  7840 | D:6      | Found a radiant altar of Vehumet.
  7841 | D:6      | Found a staircase to the Ecumenical Temple.
  7875 | Temple   | Entered the Ecumenical Temple
  8419 | D:6      | Noticed Prince Ribbit
  8462 | D:6      | Killed Prince Ribbit
  8728 | D:6      | Reached XP level 9. HP: 62/69 MP: 18/18
  8862 | D:6      | Noticed Blork the orc
  8883 | D:6      | Killed Blork the orc
  9183 | D:6      | Found a white marble altar of Elyvilon.
  9183 | D:6      | Found a sparkling altar of Nemelex Xobeh.
  9183 | D:6      | Found a basalt altar of Yredelemnul.
  9190 | D:6      | Became a worshipper of Elyvilon the Healer
  9391 | D:6      | Reached skill level 5 in Throwing
  9391 | D:6      | Reached skill level 5 in Armour
 10266 | D:7      | Reached * piety under Elyvilon
 10383 | D:7      | Noticed an ancient zyme
 10386 | D:7      | Found a transporter.
 10390 | D:7      | Found a transporter.
 10555 | D:7      | Reached skill level 5 in Invocations
 10821 | D:7      | Found Elaklim's General Store.
 10831 | D:7      | Bought 4 poisoned darts for 17 gold pieces
 10903 | D:7      | Noticed Elsvaer's ghost (amateur DECj)
 11044 | D:8      | Noticed Maurice
 11323 | D:7      | Reached XP level 10. HP: 49/77 MP: 20/20
 11728 | D:8      | Killed Maurice
 11729 | D:8      | Reached skill level 5 in Short Blades
 11729 | D:8      | Reached skill level 5 in Long Blades
 11729 | D:8      | Reached skill level 5 in Axes
 11729 | D:8      | Reached skill level 5 in Maces & Flails
 11729 | D:8      | Reached skill level 5 in Staves
 11729 | D:8      | Reached skill level 5 in Slings
 11729 | D:8      | Reached skill level 5 in Bows
 11729 | D:8      | Reached skill level 5 in Crossbows
 11729 | D:8      | Reached skill level 5 in Stealth
 11729 | D:8      | Reached skill level 5 in Shields
 11729 | D:8      | Reached skill level 5 in Unarmed Combat
 11729 | D:8      | Reached skill level 5 in Evocations
 11729 | D:8      | Reached ** piety under Elyvilon
 11768 | D:8      | Found a shimmering altar of Xom.
 11778 | D:8      | Fell from the grace of Elyvilon
 11778 | D:8      | Became a worshipper of Xom of Chaos
 11826 | D:8      | Noticed Erica
 11850 | D:8      | XOM: smoke on damage
 11851 | D:8      | XOM: potion effect (brilliance)
 11853 | D:8      | XOM: potion effect (haste)
 11858 | D:8      | Killed Erica
 11860 | D:8      | XOM: silly message
 11870 | D:8      | XOM: silly message
 11885 | D:8      | Paralysed by something for 3 turns
 11962 | D:8      | XOM: silly message
 12001 | D:8      | Found an iron altar of Okawaru.
 12317 | D:8      | XOM: 2-stop teleportation journey
 12352 | D:8      | Noticed a two-headed ogre
 12369 | D:8      | Killed a two-headed ogre
 12503 | D:8      | XOM: silly message
 12821 | D:8      | XOM: silly message
 12854 | D:8      | Learned a level 3 spell: Mephitic Cloud
 12872 | D:8      | XOM: silly message
 12933 | D:8      | Found an ornate altar of the Wu Jian Council.
 13400 | D:9      | XOM: cast spell 'Chain of Chaos'
 13412 | D:9      | Reached XP level 11. HP: 84/84 MP: 22/22
 13443 | D:9      | XOM: polymorph water moccasin -> steam dragon
 13454 | D:9      | Noticed a two-headed ogre
 13455 | D:9      | XOM: scenery: summon butterflies
 13474 | D:9      | XOM: destruction
 13489 | D:9      | Reached skill level 5 in Conjurations
 13489 | D:9      | Reached skill level 5 in Hexes
 13489 | D:9      | Reached skill level 5 in Summonings
 13489 | D:9      | Reached skill level 5 in Necromancy
 13489 | D:9      | Reached skill level 5 in Transmutations
 13489 | D:9      | Reached skill level 5 in Fire Magic
 13489 | D:9      | Reached skill level 5 in Ice Magic
 13489 | D:9      | Reached skill level 5 in Air Magic
 13489 | D:9      | Reached skill level 5 in Earth Magic
 13489 | D:9      | Reached skill level 5 in Poison Magic
 13489 | D:9      | Slain by a two-headed ogre

Illustrated notes

Levels and vault maps discovered:
D:1:      heliophobic_arrival_henge, layout_loops_ring,
          hellmonk_ecumenical_altar_pennies_from_heaven, chequers_big_river
D:2:      kennysheep_six_static_rooms, layout_loops_ring, serial_glass,
          glass_columns_b, glass_columns_b, feat_on_display, feat_on_display,
          item_on_display_a, minmay_strange_pillars
D:3:      layout_basic, cheibriados_altar_2
D:4:      layout_cave_pools, serial_shops, nicolae_lakefront_shop,
          dk_noncrumbling_4, hangedman_decor_opposing, minmay_hedge_maze,
          eino_small_chamber_without_monster, uniq_sigmund
D:5:      mumra_celtic_spiral_tile, layout_loops_corners, uniq_duvessa,
          uniq_crazy_yiuf_cottage
D:6:      minmay_cornered_nines, layout_loops_ring, fiery_altar_vehumet,
          chequers_temple_overflow_statue_of_worship,
          minmay_temple_entry_purple_smoke, uniq_prince_ribbit1,
          uniq_blork_the_orc
D:7:      layout_basic, serial_shops, nicolae_shop_waterfront,
          gammafunk_ghost_abyssal_escape
D:8:      layout_basic, amcnicky_altar_gilded, marbit_many_paths,
          lemuel_crystal_altar, uniq_maurice, uniq_erica
D:9:      layout_stronghold, nicolae_ru_sacrificial_ziggurat,
          minmay_lair_entry_grove, serial_column_ruins,
          column_ruins_hut_pillars, column_ruins_square_small,
          column_ruins_corridor_corner, column_ruins_grid_1,
          column_ruins_open_tiny, column_ruins_grid_4, column_ruins_open_tiny
Temple:   nicolae_temple_x_marks_the_god

Skill      XL: |  1  2  3  4  5  6  7  8  9 10 11 |
---------------+----------------------------------+-----
Spellcasting   | 5 6 7 |  7.9
Invocations    | 1 2 3 4 5 6 |  6.6
Short Blades   | 1 2 3 4 5 6 |  6.0
Long Blades    | 1 2 3 4 5 6 |  6.0
Axes           | 1 2 3 4 5 6 |  6.0
Maces & Flails | 1 2 3 4 5 6 |  6.0
Staves         | 1 2 3 4 5 6 |  6.0
Slings         | 1 2 3 4 5 6 |  6.0
Bows           | 1 2 3 4 5 6 |  6.0
Crossbows      | 1 2 3 4 5 6 |  6.0
Stealth        | 1 2 3 4 5 6 |  6.0
Shields        | 1 2 3 4 5 6 |  6.0
Unarmed Combat | 1 2 3 4 5 6 |  6.0
Evocations     | 1 2 3 4 5 6 |  6.0
Conjurations   | 1 2 3 4 5 |  5.0
Hexes          | 1 2 3 4 5 |  5.0
Summonings     | 1 2 3 4 5 |  5.0
Necromancy     | 1 2 3 4 5 |  5.0
Transmutations | 1 2 3 4 5 |  5.0
Fire Magic     | 1 2 3 4 5 |  5.0
Ice Magic      | 1 2 3 4 5 |  5.0
Air Magic      | 1 2 3 4 5 |  5.0
Earth Magic    | 1 2 3 4 5 |  5.0
Poison Magic   | 1 2 3 4 5 |  5.0
Throwing       | 3 4 5 6 |  6.6
Armour         | 3 4 5 6 |  6.6
Fighting       | 5 6 7 |  7.6
Polearms       | 5 6 7 |  7.6
Dodging        | 5 6 7 |  7.6
Translocations | 6 7 |  7.5

Action                   |  1- 3 |  4- 6 |  7- 9 | 10-12 || total
-------------------------+-------+-------+-------+-------++-------
Melee: Spear             |   117 |     7 |       |       ||   124
       Bite              |     7 |    17 |    50 |    20 ||    94
       Punch             |     2 |     3 |    11 |     1 ||    17
       Short sword       |       |   187 |     5 |       ||   192
       Dagger            |       |       |   366 |    40 ||   406
       Quarterstaff      |       |       |       |   153 ||   153
Throw: Dart              |     1 |     9 |    18 |    12 ||    40
       Boomerang         |       |       |     3 |       ||     3
 Cast: Blink             |     1 |       |     4 |     1 ||     6
       Mephitic Cloud    |       |       |       |     8 ||     8
Evoke: Wand              |       |       |     1 |     1 ||     2
       Box of beasts     |       |       |       |     1 ||     1
  Use: Potion            |     1 |       |       |     7 ||     8
       Scroll            |       |       |       |     6 ||     6
 Stab: Sleeping          |     3 |     3 |     9 |     4 ||    19
       Confused          |       |       |       |     6 ||     6
Armor: Leather armour    |    19 |    38 |   100 |    83 ||   240
Dodge: Dodged            |    41 |   152 |   167 |   151 ||   511
